 Dungeon Crawl Stone Soup version 0.29-a0-613-gf2c431b9b9 (webtiles) character file.

Game seed: 5462518521153991092

15679 Vylera the Thaumaturge (level 12, -4/88 HPs)
             Began as a Djinni Wanderer on June 17, 2022.
             Was the Champion of Ru.
             Slain by a yak (14 damage)
             ... on level 11 of the Dungeon.
             The game lasted 00:55:06 (15539 turns).

Vylera the Thaumaturge (Djinni Wanderer)           Turns: 15539, Time: 00:55:07

Health: -4/88      AC:  5    Str: 20    XL:     12   Next: 60%
Gold:   807        EV: 16    Int: 18    God:    Ru [******] SH:  0 Dex: 16

rFire   + . .      SeeInvis .   k - +3 spear (venom)
rCold   x x .      Faith    .   (shield unavailable)
rNeg    . . .      Spirit   .   u - +1 robe of Past Mistakes {Str+7 Int+2 Stlth+}
rPois   ∞          Reflect  .   (no helmet)
rElec   .          Harm     +   j - scarf {harm}
rCorr   .          Rampage  .   I - +1 pair of gloves
Will    +....      Clarity  +   (boots unavailable)
Stlth   ++........              (no amulet)
HPRegen 0.24/turn               (ring unavailable)
MPRegen 0.00/turn               z - ring of willpower

@: exhausted, flying
A: sickness immunity, fire resistance 2, cold vulnerability 1, missing a hand,
weak-willed 1, temperature sensitive, float, innate caster, HP casting, extra
vitality 1, clarity, strong 1
a: Renounce Religion, Draw Out Power, Power Leap, Apocalypse


You were on level 11 of the Dungeon.
You worshipped Ru.
Ru was exalted by your worship.
You visited 1 branch of the dungeon, and saw 11 of its levels.
You also visited: Sewer and Bailey.

You collected 807 gold pieces.

Inventory:

Hand Weapons
 a - a +0 dagger
 k - a +3 spear of venom (weapon)
Missiles
 l - 27 poisoned darts
 s - 3 atropa-tipped darts
Armour
 b - a +0 pair of gloves
 d - a +0 robe
 j - a scarf of harm (worn)
 n - a +0 troll leather armour {Pargi}
 u - the +1 robe of Past Mistakes (worn) {Str+7 Int+2 Stlth+}
   (You found it on level 3 of the Dungeon)

   Str:       It affects your strength (+7).
   Int:       It affects your intelligence (+2).
   Stlth:     It makes you more stealthy.
 I - a +1 pair of gloves (worn)
 O - the +5 ring mail "Jaafowk" {+Blink rPois Dex+4}
   (You found it on level 9 of the Dungeon)

   Dex:       It affects your dexterity (+4).
   rPois:     It protects you from poison.
   +Blink:    It lets you blink.
Jewellery
 z - a ring of willpower (right hand)
 P - an amulet of regeneration
Wands
 A - a wand of polymorph (7)
 G - a wand of flame (48)
 K - a wand of charming (12)
Scrolls
 c - 3 scrolls of fear
 e - 4 scrolls of teleportation
 f - 4 scrolls of poison
 g - 2 scrolls of vulnerability {unknown}
 v - 2 scrolls of summoning {unknown}
 w - a scroll of fog
 x - 5 scrolls of identify
 y - a scroll of noise {unknown}
 D - a scroll of enchant armour
 H - a scroll of immolation {unknown}
 J - 3 scrolls of enchant weapon {unknown}
 L - 2 scrolls of brand weapon
 N - a scroll of acquirement {unknown}
Potions
 h - 2 potions of lignification {unknown}
 i - 3 potions of ambrosia {unknown}
 m - 3 potions of brilliance
 o - a potion of haste {unknown}
 p - 3 potions of magic
 q - 2 potions of curing
 r - 2 potions of degeneration {unknown}
 t - 2 potions of invisibility
 B - 2 potions of mutation
 C - 4 potions of attraction {unknown}
 E - 3 potions of flight {unknown}
 F - 3 potions of heal wounds {unknown}
 M - a potion of cancellation {unknown}


   Skills:
 + Level 8.7 Fighting
 + Level 3.2 Polearms
 - Level 6.9 Armour
 - Level 7.6 Dodging
 - Level 2.0 Unarmed Combat
 * Level 11.0 Spellcasting
 + Level 4.0 Evocations


You had 14 spell levels left.
You knew the following spells:

 Your Spells              Type           Power      Damage    Failure   Level
a - Beastly Appendage     Tmut           98%        N/A       1%          1
b - Passwall              Tmut/Erth      40%        N/A       1%          2
c - Spider Form           Tmut/Pois      49%        N/A       1%          3
d - Slow                  Hex            100%       N/A       1%          1
e - Scorch                Fire           98%        2d10      1%          2
f - Ignite Poison         Fire/Tmut/Pois 49%        N/A       1%          3
g - Summon Guardian Gole  Hex/Summ       49%        N/A       1%          3
h - Anguish               Hex/Necr       24%        N/A       1%          4

Your spell library contained the following spells:

 Spells                   Type           Power      Damage    Failure   Level


Dungeon Overview and Level Annotations

Branches:
Dungeon (11/15)            Temple (0/1) D:4            Lair (0/6) D:10
  Sewer (visited)          Bailey (visited)
    Orc: D:9-12

Altars:
Ashenzari
Cheibriados
Fedhas
Gozag
Nemelex Xobeh
Okawaru
Qazlal
Ru
Vehumet
Wu Jian
Xom
Yredelemnul
Beogh

Annotations:
D:3 3 runed translucent doors, Phlounder's ghost, amateur DjCK
D:5 3 runed translucent doors, DocClef's ghost, weakling DrDe; blackman's ghost, novice HuDe; chrisa4242's ghost, novice HuFi; zeratav's ghost, novice OpVM
D:8 1 runed translucent door, Pikel; chrisa4242's ghost, novice NaFi


Innate Abilities, Weirdness & Mutations

You are immune to sickness and miasma.
You are immune to poison.
Your flesh is very heat resistant. (rF++)
You are vulnerable to cold. (rC-)
You are missing a hand.
You are slightly weak-willed. (Will-)
You are sensitive to extremes of temperature. (rF-, rC-)
You float through the air rather than walking.
You learn spells naturally, not from books.
Your magical power is your life essence.
You have superior vitality. (+4 MHP)
You possess an exceptional clarity of mind.
Your muscles are strong. (Str +4, Int/Dex-1)


Message History

* * * LOW HITPOINT WARNING * * *
The centaur is stunned by your conviction and fails to attack.
The yak gores you.
* * * LOW HITPOINT WARNING * * *
Casting: Summon Guardian Golem (safe; 1% risk of failure)
Confirm with . or Enter, or press ? or * to list all spells.
You ignite the poison in your surroundings!
The yak seems to burn from within!!!
You kill the yak!
* * * LOW HITPOINT WARNING * * *
Your Evocations skill increases to level 4!
The centaur unwields a +0 shortbow.
The centaur barely misses you. The centaur kicks you.
* * * LOW HITPOINT WARNING * * *
You hit the centaur.
The centaur is lightly wounded.
You redirect the centaur's attack!
The centaur hits itself.
The centaur kicks itself but does no damage.
You puncture the centaur!
The centaur is poisoned.
The centaur is heavily wounded.
The centaur misses you.
The centaur kicks you but does no damage.
The centaur completely misses you. The centaur closely misses you.
You barely miss the centaur.
The centaur is severely wounded.
The centaur closely misses you. The centaur completely misses you.
The yak attacks as you move away! The yak gores you.
* * * LOW HITPOINT WARNING * * *
The centaur hits you.
* * * LOW HITPOINT WARNING * * *
The centaur kicks you but does no damage.
The centaur hits you but does no damage.
The centaur kicks you.
* * * LOW HITPOINT WARNING * * *
Aiming: Power Leap
Press: ? - help, Dir - move target You kill the centaur!
The yak gores you!
You die...

.c..§§##.#..###.....[....##
.?....##.....#............#
Y.....#...................#
..Y.......................#
.......###..#......(..##..#
.......##...##.........#>.###
###..#.........##....#....# ....
#....##..##†####......... ....
....##.@#...#.##........ ..#
###.....)Y............#.# ..###
##.....9...#.......##.# ....#####
#...................#.#
........###.###..................
............ #.........##.)...#.
........... #......##.####...##
>......... #.........# ##..##
.......... ##......#####...#


You could see a yak (ally target) and a friendly guardian golem (summoned).

Vanquished Creatures
  A vault guard (Bailey)
  Harold (D:9)
  Erolcha (D:9)
  4 two-headed ogres
  3 skeletal warriors (D:9)
  Maurice (D:10)
  Joseph (D:8)
  An unseen horror (D:10)
  Prince Ribbit (Bailey)
  A wyvern (D:8)
  5 yaks
  A wraith (D:10)
  6 humans (Bailey)
  Grum (D:8)
  2 steam dragons
  3 vampire mosquitoes (D:11)
  2 acid dragons
  2 water moccasins
  5 orc warriors
  A black bear (D:8)
  Pargi (Sewer)
  2 ice beasts
  An ogre (D:4)
  2 wolves (D:8)
  6 centaurs (D:11)
  A lemure (D:8)
  3 kobold brigands
  14 bullfrogs
  2 necrophages
  3 scorpions
  12 killer bees
  A howler monkey (D:3)
  2 hounds
  8 orc priests
  3 jellies
  A gnoll shaman (D:5)
  Jessica (D:2)
  Ijyb (D:5)
  5 iguanas
  11 orc wizards
  4 gnolls
  15 adders
  A shadow imp (D:6)
  4 white imps
  2 worms (D:2)
  3 dart slugs
  23 orcs
  2 ball pythons
  6 bats
  2 endoplasms
  8 giant cockroaches
  5 goblins
  5 hobgoblins
  5 jackals
  14 kobolds
  2 quokkas
  6 frilled lizards
  4 rats
234 creatures vanquished.

Vanquished Creatures (others)
  A vault guard (Bailey)
  5 yaks
  A human (Bailey)
  A bullfrog (Bailey)
  4 killer bees (D:8)
  An orc wizard (D:9)
  3 orcs
  A goblin (Bailey)
  4 fungi (D:3)
  10 plants
  2 withered plants (D:5)
33 creatures vanquished.

Grand Total: 267 creatures vanquished

Notes
Turn   | Place    | Note
-------+----------+-------------------------------------------
     0 | D:1      | Vylera the Djinni Wanderer began the quest for the Orb.
     0 | D:1      | Vylera set off with the following items: a +0 dagger, a +0
                  | pair of gloves, a scroll of fear, a +0 robe, a scroll of
                  | teleportationthe following spells memorised: Beastly
                  | Appendage, Passwall, Spider Form.
     0 | D:1      | Reached XP level 1. HP: 20/20 MP: 0/0
   251 | D:1      | Reached skill level 2 in Spellcasting
   251 | D:1      | Reached XP level 2. HP: 25/25 MP: 0/0
   595 | D:1      | Reached XP level 3. HP: 29/30 MP: 0/0
   595 | D:1      | Learned a level 1 spell: Slow
  1101 | D:2      | Found a broken altar of Ashenzari.
  1162 | D:2      | Reached skill level 3 in Spellcasting
  1172 | D:2      | Reached XP level 4. HP: 23/35 MP: 0/0
  1377 | D:2      | Noticed Jessica
  1399 | D:2      | Killed Jessica
  2039 | D:3      | Reached XP level 5. HP: 39/40 MP: 0/0
  2039 | D:3      | Learned a level 2 spell: Scorch
  2154 | D:3      | Found a faded altar of an unknown god.
  2160 | D:3      | Prayed at the altar of an unknown god.
  2160 | D:3      | Became a worshipper of Ru the Awakened
  2171 | D:3      | Gained mutation: You are sensitive to extremes of
                  | temperature. (rF-, rC-) [Ru sacrifice]
  2171 | D:3      | Reached * piety under Ru
  2171 | D:3      | Reached ** piety under Ru
  2238 | D:3      | Reached skill level 4 in Spellcasting
  2447 | D:3      | Found a blossoming altar of Fedhas.
  2568 | D:3      | Found a snail-covered altar of Cheibriados.
  2627 | D:3      | Found a runed translucent gate.
  2627 | D:3      | Found a runed translucent gate.
  2627 | D:3      | Noticed Phlounder's ghost (amateur DjCK)
  2630 | D:3      | Found a runed translucent gate.
  2806 | D:3      | Identified the +1 robe of Past Mistakes {Str+7 Int+2
                  | Stlth+}
  2961 | D:4      | Reached XP level 6. HP: 13/46 MP: 0/0
  3085 | D:4      | Found a staircase to the Ecumenical Temple.
  3106 | D:4      | Found a glowing drain.
  3133 | Sewer    | Entered a sewer
  3217 | Sewer    | Noticed Pargi
  3222 | Sewer    | Killed Pargi
  3358 | Sewer    | Reached skill level 5 in Spellcasting
  3651 | D:4      | Reached XP level 7. HP: 45/50 MP: 0/0
  3651 | D:4      | Learned a level 3 spell: Ignite Poison
  4051 | D:4      | Found a stormy altar of Qazlal.
  4119 | D:5      | Entered Level 5 of the Dungeon
  4220 | D:5      | Noticed Ijyb
  4229 | D:5      | Killed Ijyb
  4355 | D:5      | Reached skill level 6 in Spellcasting
  4630 | D:5      | Reached XP level 8. HP: 30/56 MP: 0/0
  5011 | D:5      | Found a runed translucent gate.
  5011 | D:5      | Found a runed translucent gate.
  5011 | D:5      | Found a runed translucent gate.
  5013 | D:5      | Noticed zeratav's ghost (novice OpVM)
  5013 | D:5      | Noticed chrisa4242's ghost (novice HuFi)
  5015 | D:5      | Noticed blackman's ghost (novice HuDe)
  5015 | D:5      | Noticed DocClef's ghost (weakling DrDe)
  5064 | D:5      | Gained mutation: You are missing a hand. [Ru sacrifice]
  5064 | D:5      | Reached *** piety under Ru
  5064 | D:5      | Reached **** piety under Ru
  5064 | D:5      | Reached ***** piety under Ru
  6020 | D:6      | Reached skill level 7 in Spellcasting
  6633 | D:7      | Reached XP level 9. HP: 51/62 MP: 0/0
  6633 | D:7      | Learned a level 3 spell: Summon Guardian Golem
  6916 | D:7      | Found a basalt altar of Yredelemnul.
  7198 | D:7      | Noticed a two-headed ogre
  7206 | D:7      | Killed a two-headed ogre
  7207 | D:7      | Reached skill level 5 in Fighting
  7207 | D:7      | Reached skill level 8 in Spellcasting
  7377 | D:7      | Found an iron altar of Okawaru.
  7779 | D:8      | Noticed Joseph
  8001 | D:8      | Killed Joseph
  8002 | D:8      | Reached skill level 5 in Dodging
  8002 | D:8      | Reached XP level 10. HP: 36/70 MP: 0/0
  8265 | D:8      | Reached skill level 5 in Armour
  8382 | D:8      | Gained mutation: You are slightly weak-willed. (Will-) [Ru
                  | sacrifice]
  8382 | D:8      | Reached ****** piety under Ru
  8618 | D:8      | Noticed a two-headed ogre
  8625 | D:8      | Killed a two-headed ogre
  8731 | D:8      | Found a runed translucent door.
  8731 | D:8      | Found a shimmering altar of Xom.
  8731 | D:8      | Noticed chrisa4242's ghost (novice NaFi)
  8731 | D:8      | Noticed a +0 whip of chaos
  8812 | D:8      | Noticed Grum
  8909 | D:8      | Killed Grum
  8910 | D:8      | Reached skill level 9 in Spellcasting
  8910 | D:8      | Noticed Pikel
  9414 | D:9      | Found a flagged portal.
  9444 | D:9      | Noticed Harold
  9466 | D:9      | Gained mutation: Your muscles are strong. (Str +4,
                  | Int/Dex-1) [potion of mutation]
  9466 | D:9      | Gained mutation: You possess an exceptional clarity of
                  | mind. [potion of mutation]
  9467 | D:9      | Killed Harold
  9468 | D:9      | Reached XP level 11. HP: 11/78 MP: 0/0
  9468 | D:9      | Learned a level 4 spell: Anguish
  9667 | Bailey   | Entered a bailey
 10368 | Bailey   | Noticed Prince Ribbit
 10380 | Bailey   | Killed Prince Ribbit
 10381 | Bailey   | Noticed a vault guard
 10399 | Bailey   | Killed a vault guard
 10819 | Bailey   | Noticed a vault guard
 10835 | Bailey   | Killed a vault guard
 10836 | Bailey   | Reached skill level 10 in Spellcasting
 11363 | D:9      | Identified the +5 ring mail "Jaafowk" {+Blink rPois Dex+4}
 11367 | D:9      | Noticed a skeletal warrior
 11368 | D:9      | Noticed a skeletal warrior
 11389 | D:9      | Killed a skeletal warrior
 11740 | D:9      | Killed a skeletal warrior
 11741 | D:9      | Reached skill level 1 in Polearms
 11741 | D:9      | Reached skill level 1 in Evocations
 11751 | D:9      | Noticed a skeletal warrior
 11761 | D:9      | Killed a skeletal warrior
 12219 | D:9      | Noticed Erolcha
 12512 | D:9      | Found an ornate altar of the Wu Jian Council.
 12764 | D:9      | Killed Erolcha
 12765 | D:9      | Reached XP level 12. HP: 79/86 MP: 0/0
 13025 | D:10     | Entered Level 10 of the Dungeon
 13645 | D:10     | Found a staircase to the Lair.
 13652 | D:10     | Noticed Maurice
 13658 | D:10     | Killed Maurice
 14461 | D:10     | Found a sparkling altar of Nemelex Xobeh.
 14462 | D:10     | Found an opulent altar of Gozag.
 15418 | D:11     | Noticed a two-headed ogre
 15424 | D:11     | Killed a two-headed ogre
 15497 | D:11     | Noticed a two-headed ogre
 15504 | D:11     | Killed a two-headed ogre
 15505 | D:11     | Reached skill level 11 in Spellcasting
 15539 | D:11     | Slain by a yak

Illustrated notes

Levels and vault maps discovered:
D:1:      amcnicky_arrival_blooded_trapdoor, layout_loops_ring
D:2:      layout_basic, basic_altar, uniq_jessica
D:3:      layout_loops_ring, mainiacjoe_overflow_catwalk,
          mainiacjoe_overflow_24_doors, ebering_ghost_rock_garden,
          shapermc_ecumenical_altar_mp_urbaneastern
D:4:      layout_loops_ring, lemuel_coloured_pillars_altar,
          minmay_temple_entry_trees, gup_sewer_entry_glass
D:5:      layout_layer_cave, gammafunk_ghost_cemetery, serial_bayou_lagoon_b,
          uniq_ijyb
D:6:      layout_cave_pools
D:7:      layout_basic, mainiacjoe_overflow_tiny_flanked,
          mainiacjoe_overflow_catwalk_spiral
D:8:      layout_cave_pods, ebering_ghost_xom, uniq_pikel, uniq_joseph,
          uniq_grum
D:9:      layout_loops_ring, kennysheep_mini_moat, enter_bailey_8, minivault_1,
          david_defended_altar_orc, uniq_erolcha, uniq_harold
D:10:     layout_rooms, grunt_temple_overflow_opulence, lair_entry_dummy,
          st_stairs_10, uniq_maurice
D:11:     layout_cave_pools, david_orc_4

Skill      XL: |  1  2  3  4  5  6  7  8  9 10 11 12 |
---------------+-------------------------------------+-----
Spellcasting   | 2 3 4 5 6 7 8 9 10 11 | 11.0
Dodging        | 3 5 6 7 |  7.6
Armour         | 2 4 5 6 |  6.9
Fighting       | 4 5 6 7 8 |  8.7
Polearms       | 1 3 |  3.2
Evocations     | 2 4 |  4.0
Unarmed Combat | |  2.0

Action                   |  1- 3 |  4- 6 |  7- 9 | 10-12 || total
-------------------------+-------+-------+-------+-------++-------
Melee: Dagger            |   110 |       |       |       ||   110
       Headbutt          |     4 |       |       |     1 ||     5
       Spear             |    28 |   117 |   131 |   201 ||   477
       Punch             |     2 |     2 |       |       ||     4
 Cast: Beastly Appendage |     9 |     1 |       |     1 ||    11
       Slow              |       |     2 |       |       ||     2
       Scorch            |       |     5 |    63 |    90 ||   158
       Ignite Poison     |       |       |     8 |    31 ||    39
       Summon Guardian G |       |       |     5 |    35 ||    40
       Spider Form       |       |       |       |     1 ||     1
       Anguish           |       |       |       |     6 ||     6
Invok: Sacrifice Resista |       |     1 |       |       ||     1
       Power Leap        |       |       |     1 |     2 ||     3
       Sacrifice a Hand  |       |       |     1 |       ||     1
       Apocalypse        |       |       |       |     3 ||     3
       Sacrifice Essence |       |       |       |     1 ||     1
  Use: Scroll            |       |     4 |       |     3 ||     7
       Potion            |       |       |       |     9 ||     9
 Stab: Sleeping          |     2 |     7 |     4 |     3 ||    16
       Distracted        |       |     1 |     1 |     2 ||     4
       Paralysed         |       |       |     2 |     5 ||     7
       Invisible         |       |       |       |     2 ||     2
Armor: Robe              |    42 |    18 |    21 |    47 ||   128
Dodge: Dodged            |   105 |    60 |    73 |   210 ||   448

Table legend: (Time is in decaauts)
 A = Elapsed time spent in this place.
 B = Non-inter-level travel time spent in this place.
 C = Inter-level travel time spent in this place.
 D = Time resting spent in this place.
 E = Time spent auto-exploring this place.
 F = Levels seen in this place.
 G = Mean time per level.
                   A        B        C        D        E       F      G
               +--------+--------+--------+--------+--------+-----+--------+
         Total |  15580 |  15366 |    214 |   4130 |   8571 |  13 | 1198.5 |
       Dungeon |  13731 |  13517 |    214 |   2977 |   8199 |  11 | 1248.3 |
         Sewer |    333 |    333 |      0 |     74 |    214 |   1 |  333.0 |
        Bailey |   1514 |   1514 |      0 |   1079 |    158 |   1 | 1514.0 |
               +--------+--------+--------+--------+--------+-----+--------+

Top non-repeatable levels by time:
     D:9: 2431 daAuts
    D:10: 1618 daAuts
  Bailey: 1514 daAuts
     D:7: 1498 daAuts
     D:5: 1435 daAuts
     D:8: 1434 daAuts
     D:1: 1073 daAuts
     D:4: 1005 daAuts
     D:2: 958 daAuts
     D:6: 817 daAuts
     D:3: 809 daAuts
    D:11: 647 daAuts
   Sewer: 333 daAuts
